 Dungeon Crawl Stone Soup version 0.31-a0-986-g5e6e4ef867 (webtiles) character file.

Game seed: 555206422739550522

55 wildpjah the Ducker (level 3, 0/28 HPs)
             Began as a Merfolk Warper on Nov 18, 2023.
             Was a Believer of Makhleb.
             Killed by divine providence
             ... invoked by an orc priest
              (11 damage)
             ... on level 3 of the Dungeon.
             The game lasted 00:03:22 (1663 turns).

wildpjah the Ducker (Merfolk Warper)                Turns: 1663, Time: 00:03:22

Health: 0/28       AC:  3    Str: 11    XL:     3   Next: 93%
Magic:  6/6        EV: 12    Int: 12    God:    Makhleb [**....]
Gold:   153        SH:  0    Dex: 15    Spells: 6/6 levels left

rFire   . . .        j - +0 short sword (vamp)
rCold   . . .        (no shield)
rNeg    . . .        b - +0 leather armour
rPois   .            (no helmet)
rElec   .            (no cloak)
rCorr   .            (no gloves)
SInv    .            (no boots)
Will    .....        e - amulet of faith
Stlth   +            (no ring)
HPRegen 0.24/turn    (no ring)
MPRegen 0.10/turn

%: faith
@: no status effects
A: (nimble swimmer 2), mertail
a: Renounce Religion, Minor Destruction


You were on level 3 of the Dungeon.
You worshipped Makhleb.
Makhleb was pleased with you.
You visited 1 branch of the dungeon, and saw 3 of its levels.

You collected 153 gold pieces.

Inventory:

Hand Weapons
 a - a +0 falchion
 j - a +0 vampiric short sword (weapon)
Missiles
 d - 7 darts of dispersal (quivered)
Armour
 b - a +0 leather armour (worn)
Jewellery
 e - an amulet of faith (around neck)
Scrolls
 c - a scroll of blinking
 f - 4 scrolls of identify {unknown}
 h - a scroll of vulnerability {unknown}
 l - a scroll of revelation {unknown}
 o - a scroll of noise {unknown}
 q - a scroll of amnesia {unknown}
 r - a scroll of teleportation {unknown}
Potions
 g - a potion of invisibility {unknown}
 i - 3 potions of lignification {unknown}
 k - 3 potions of curing {unknown}
 m - a potion of might {unknown}
 n - a potion of cancellation {unknown}
 p - a potion of resistance {unknown}


   Skills:
 * Level 2.6 Fighting
 + Level 0.6(1.7) Short Blades
 + Level 2.6 Long Blades
 - Level 1.0 Throwing
 + Level 1.1 Armour
 + Level 3.3 Dodging
 + Level 0.1 Stealth
 + Level 2.2 Spellcasting
 + Level 2.8 Translocations


You had 6 spell levels left.
You didn't know any spells.
Your spell library contained the following spells:

 Spells                   Type           Power      Damage    Failure   Level
 Blink                    Tloc           16%        N/A       16%         2
 Lesser Beckoning         Tloc           16%        N/A       16%         2
 Teleport Other           Tloc           8%         N/A       32%         3
 Cigotuvi's Dreadful Rot  Necr/Pois/Air  2%         N/A       47%         2
 Hailstorm                Conj/Ice       1%         3d3       71%         3
 Manifold Assault         Tloc           8%         N/A       71%         4
 Vhi's Electric Charge    Tloc/Air       8%         N/A       88%         4
 Dispel Undead            Necr           1%         3d6       98%         4
 Summon Ice Beast         Ice/Summ       1%         N/A       98%         4
 Death Channel            Necr           0%         N/A       100%        6
 Simulacrum               Ice/Necr       0%         N/A       100%        6


Dungeon Overview and Level Annotations

Branches:
Dungeon (3/15)

Altars:
Makhleb


Innate Abilities, Weirdness & Mutations

((You are very nimble when in or above water. (Stealth+, EV+, Speed+++)))
Your lower body shifts to a powerful aquatic tail in water.


Message History

You kill the hobgoblin!
Makhleb accepts your kill. The bat closely misses you. The bat hits you.
An orc comes into view.
It is wielding a +2 short sword of protection.
You barely miss the bat. The bat closely misses you.
An orc comes into view. It is wielding a +0 flail.
You closely miss the orc.
The orc shouts!
An orc comes into view. It is wielding a +0 dagger.
The orc closely misses you.
The orc shouts!
You hit the orc.
The orc is severely wounded.
The orc hits you with a +0 whip.
An adder comes into view.
You closely miss the orc.
The orc is severely wounded.
The adder hisses angrily.
The orc hits you with a +0 whip.
A giant cockroach comes into view.
You completely miss the orc.
The orc is severely wounded.
The orc misses you.
You hit the orc.
You kill the orc!
Makhleb accepts your kill. The bat hits you. The bat misses you.
You completely miss the bat. The bat barely misses you.
The orc priest calls down the wrath of Beogh upon you.
Beogh smites you!
You are too injured to fight recklessly!
You are too injured to fight recklessly!
You are too injured to fight recklessly!
You are too injured to fight recklessly!
Unknown command.
You hit the bat but do no damage. The bat closely misses you.
You hit the bat but do no damage. The bat barely misses you.
The orc priest mumbles some strange prayers to Beogh against you.
Beogh smites you!
You die... . .. ... .... oo...

####oo.... ####
#.@boo....
...##.##o.....
#.#..# .....
#..(## .....
#####.###......
#..............
#............ .
#........####
#.<......#


You could see an orc priest, 6 orcs and a bat.

Vanquished Creatures
  3 dart slugs (D:1)
  An orc (D:3)
  8 endoplasms
  2 giant cockroaches (D:1)
  4 goblins
  5 hobgoblins
  A quokka (D:1)
  6 ball pythons
  3 bats
  4 frilled lizards
  5 kobolds
  3 rats (D:2)
45 creatures vanquished.

Notes
Turn   | Place    | Note
-------+----------+-------------------------------------------
     0 | D:1      | wildpjah the Merfolk Warper began the quest for the Orb.
     0 | D:1      | Reached XP level 1. HP: 16/16 MP: 3/3
    53 | D:1      | Reached XP level 2. HP: 5/22 MP: 5/5
   213 | D:1      | Found a faded altar of an unknown god.
   232 | D:1      | Prayed at the altar of an unknown god.
   232 | D:1      | Became a worshipper of Makhleb the Destroyer
   232 | D:1      | Reached * piety under Makhleb
   293 | D:1      | Reached skill level 1 in Armour
   384 | D:1      | Reached XP level 3. HP: 26/28 MP: 6/6
   392 | D:1      | Reached skill level 3 in Dodging
   599 | D:1      | Reached ** piety under Makhleb
  1663 | D:3      | Killed from afar by an orc priest

Illustrated notes

Levels and vault maps discovered:
D:1:      spicycebolla_green_bress_n_ham_2, layout_basic, basic_ecumenical_altar
D:2:      layout_basic, minmay_misc_feat_ornament
D:3:      layout_rooms, minmay_rat_hole

Skill      XL: |  1  2  3 |
---------------+----------+-----
Armour         | 1 |  1.1
Dodging        | 3 |  3.3
Fighting       | |  2.6
Short Blades   | |  0.6
Long Blades    | |  2.6
Throwing       | |  1.0
Stealth        | |  0.1
Spellcasting   | |  2.2
Translocations | |  2.8

Action                     || total
---------------------------++-------
  Melee: Falchion          ||    46
         Short sword       ||   137
   Stab: Sleeping          ||     3
 Armour: Leather armour    ||    91
  Dodge: Dodged            ||   108

Table legend: (Time is in decaauts)
 A = Elapsed time spent in this place.
 B = Non-inter-level travel time spent in this place.
 C = Inter-level travel time spent in this place.
 D = Time resting spent in this place.
 E = Time spent auto-exploring this place.
 F = Levels seen in this place.
 G = Mean time per level.
                   A        B        C        D        E       F      G
               +--------+--------+--------+--------+--------+-----+--------+
         Total |   1659 |   1583 |     76 |      0 |   1254 |   3 |  553.0 |
       Dungeon |   1659 |   1583 |     76 |      0 |   1254 |   3 |  553.0 |
               +--------+--------+--------+--------+--------+-----+--------+

Top non-repeatable levels by time:
     D:2: 992 daAuts
     D:1: 643 daAuts
     D:3: 23 daAuts
